Cogmind - Beta 9.1 @@@ ROGUE MODE // 2019.11.27 @ 22:46:21 Player: LddStyx Result: Destroyed by Y-64 Sentinel with KE Penetrator Performance ------------- Evolutions (5) 2500 Regions Visited (10) 2000 Robots Destroyed (123) 615 Value Destroyed (3548) 3548 Prototype IDs (5) 100 Alien Tech Used (0) 0 Bonus (-12596) -12596 TOTAL SCORE: -3833 Bonus ------- Devolution -12000 High Alert Combat Kills 88 Entered Garrisons 200 Friendly Fire -884 Cogmind --------- Core Integrity 0/800 Matter 104/300 Energy 15/290 System Corruption 2% Temperature Cool (553) Location -5/Factory Parts ------- Power (1) Improved Deuterium Engine Propulsion (7) Armored Medium Treads Nuclear Pulse Array Nuclear Pulse Array Nuclear Pulse Array Utility (4) High-capacity Storage Unit Improved Melee Analysis Suite Improved Medium Armor Plating Weapon (3) Tesla Rifle KE Penetrator Inventory (12) Neutrino Core Micro Fission Core Nuclear Pulse Array Nuclear Pulse Array Matter Compressor (250) Advanced Targeting Computer Improved Light Armor Plating Precision Grenade Launcher Remote Datajack Peak State ------------ Power Micro Fission Core Propulsion Armored Medium Treads Nuclear Pulse Array Nuclear Pulse Array Nuclear Pulse Array Utility High-capacity Storage Unit Improved Melee Analysis Suite Hardened Light Armor Plating Weapon Tesla Rifle Remote Datajack Heavy Pick Inventory Improved Deuterium Engine Nuclear Pulse Array Nuclear Pulse Array Matter Compressor Advanced Targeting Computer Improved Light Armor Plating Improved Medium Armor Plating Precision Grenade Launcher [Rating: 74] Favorites ----------- Power Ion Engine Engine Ion Engine Power Core Light Fission Core Reactor Antimatter Reactor Propulsion Light Treads Treads Light Treads Leg Carbon-fiber Leg Wheel Wheel Flight Unit Flight Unit Utility High-capacity Storage Unit Device Disposable Heat Sink Storage High-capacity Storage Unit Processor Melee Analysis Suite Protection Power Shielding Weapon Light EM Pulse Cannon Energy Gun Medium Laser Energy Cannon Light EM Pulse Cannon Ballistic Gun Gauss Rifle Ballistic Cannon Mass Driver Launcher Grenade Launcher Special Weapon Remote Datajack Impact Weapon Great Maul Piercing Weapon Heavy Pick Build | -11 -10 -9 -8 -8 -8 -8 -6 -6 -6 -5 ------- Run | Scr Mat Mat Mat Sto Gar Rec Fac Was Fac Fac Slots Evolved -5 | . . -1 -1 . . . -2 . . -1 Power . | . . . . . . . . . . . Propulsion -2 | . . . -1 . . . . . . -1 Utility -2 | . . -1 . . . . -1 . . . Weapon -1 | . . . . . . . -1 . . . Parts Attached 179 | 11 35 23 11 12 3 . 2 5 40 37 Power 12 | 1 . 2 1 . 1 . . 2 1 4 Engine 6 | 1 . 2 1 . 1 . . . . 1 Core 5 | . . . . . . . . 1 1 3 Reactor 1 | . . . . . . . . 1 . . Propulsion 58 | 6 13 5 2 7 . . . 1 13 11 Treads 24 | 2 8 3 1 3 . . . 1 3 3 Leg 17 | 2 . . 1 4 . . . . 10 . Wheel 12 | 2 3 2 . . . . . . . 5 Hover . | . . . . . . . . . . . Flight 5 | . 2 . . . . . . . . 3 Utility 36 | 1 12 7 . . . . 1 1 7 7 Device 12 | . 3 1 . . . . . 1 5 2 Storage 17 | 1 7 5 . . . . 1 . 1 2 Processor 2 | . . . . . . . . . 1 1 Hackware . | . . . . . . . . . . . Protection 5 | . 2 1 . . . . . . . 2 Artifact . | . . . . . . . . . . . Weapon 73 | 3 10 9 8 5 2 . 1 1 19 15 Energy Gun 11 | 2 . . 2 2 . . . . 4 1 Energy Cannon 16 | . 4 5 2 2 . . 1 . 1 1 Ballistic Gun 16 | 1 4 . 1 1 . . . . 4 5 Ballistic Cannon 2 | . . . . . . . . 1 1 . Launcher 14 | . . . 3 . 2 . . . 6 3 Special Weapon 1 | . . . . . . . . . . 1 Impact Weapon 11 | . 2 4 . . . . . . 3 2 Slashing Weapon . | . . . . . . . . . . . Piercing Weapon 2 | . . . . . . . . . . 2 Special Melee Weapon . | . . . . . . . . . . . Unidentified Prototypes 5 | . . . 1 1 1 . . . 1 1 Parts Lost 54 | . 3 5 7 1 . . . 1 19 18 Power 5 | . . 1 . 1 . . . . 1 2 Propulsion 27 | . 1 3 5 . . . . 1 12 5 Utility 8 | . 2 1 . . . . . . 1 4 Weapon 14 | . . . 2 . . . . . 5 7 Highest Loss Streak 11 | . 2 2 2 1 . . . 1 10 11 Average Slot Usage (%) 91 | . 94 96 96 95 100 100 100 93 84 74 Engine 3 | . 5 4 5 1 5 5 6 . . . Core 1 | . . . . . . . . 1 1 5 Treads 21 | . 25 39 40 17 16 16 18 17 6 6 Leg 12 | . 3 . 1 25 27 27 31 26 27 . Wheel 5 | . 10 5 . . . . . . . 15 Device 5 | . 6 7 5 5 5 5 6 6 4 1 Storage 17 | . 13 16 22 22 22 22 18 18 17 13 Processor 1 | . . . . . . . . . 2 9 Protection 1 | . 6 . . . . . . . . . Energy Gun 1 | . 2 . 1 4 1 . . . 3 . Energy Cannon 8 | . 10 14 16 7 11 11 6 . . . Ballistic Gun 2 | . 4 . 1 5 2 . . . 3 2 Launcher 2 | . . . 1 3 6 11 12 12 1 . Impact Weapon 3 | . 2 6 . . . . . . 4 8 Naked Turns . | . . . . . . . . . . . Heaviest Build 113 | 14 89 106 112 107 113 109 87 107 111 95 Greatest Support 192 | 26 152 192 169 75 75 75 75 110 120 120 Greatest Overweight (x) 21 | 1 3 . 1 4 1 1 1 1 6 21 Average Overweight (x) . | . . . . 1 1 1 . . . . Largest Inventory Capacity 26 | 6 24 26 26 26 26 26 20 20 20 20 Average Capacity 21 | 5 14 25 26 26 26 26 19 20 20 19 Most Carried 26 | 6 14 26 26 26 20 21 18 20 20 20 Average Carried 18 | 4 10 22 24 22 20 20 13 18 18 18 Final Capacity 26 | 6 24 26 26 26 26 26 20 20 20 12 Final Carried 24 | 1 12 24 23 21 20 20 14 19 20 11 Class Distribution -------------------- 35% | Hauler-Mutant 14% | Hauler-Gunner 10% | Commander-Mutant 8% | Hauler-Skirmisher 6% | Scavenger-Mutant 5% | Tank 5% | Scavenger-Tank 5% | Skirmisher 3% | Mutant Dominant Class ---------------- Tank | -10/Materials Hauler-Skirmisher | -9/Materials Hauler-Gunner | -8/Materials Hauler-Gunner | -8/Storage Hauler-Mutant | -8/Garrison Commander-Mutant | -8/Recycling Commander-Gunner | -6/Factory Scavenger-Tank | -6/Waste Hauler-Mutant | -6/Factory Hauler-Mutant | -5/Factory Resources | -11 -10 -9 -8 -8 -8 -8 -6 -6 -6 -5 ----------- Run | Scr Mat Mat Mat Sto Gar Rec Fac Was Fac Fac Matter Collected 2992 | 217 621 301 96 271 39 111 . 274 424 638 Remotely . | . . . . . . . . . . . Salvage Created 5062 | . 503 715 651 583 185 . . 1189 565 671 Parts 218 | . 36 43 39 28 11 . . 12 17 32 Haulers Intercepted 6 | . 1 1 1 3 . . . . . . Recyclers Shooed . | . . . . . . . . . . . Parts Field Recycled . | . . . . . . . . . . . Retrieved Matter . | . . . . . . . . . . . Parts Self-Destructed . | . . . . . . . . . . . Prevented . | . . . . . . . . . . . Kills | -11 -10 -9 -8 -8 -8 -8 -6 -6 -6 -5 ------- Run | Scr Mat Mat Mat Sto Gar Rec Fac Was Fac Fac Combat Hostiles Destroyed 92 | . 14 22 10 8 9 . . 4 13 12 Melee 17 | . 1 5 . . . . . . 1 10 Guns 8 | . 5 . . 2 . . . . 1 . Cannons 26 | . 6 7 6 4 . . . 1 2 . AOE 27 | . 1 1 3 2 9 . . 3 7 1 Classes Destroyed 13 | . 6 1 . 2 1 . . 2 1 . Worker 3 | . 1 . 2 . . . . . . . Builder 6 | . 3 . 3 . . . . . . . Hauler 6 | . 1 1 1 3 . . . . . . Recycler 1 | . . . . 1 . . . . . . Watcher 9 | . 3 3 3 . . . . . . . Swarmer 35 | . 9 15 . . 6 . . . 3 2 Grunt 31 | . 5 2 7 2 2 . . 3 5 5 Duelist 2 | . . . . . 1 . . . 1 . Protector 2 | . . . . . . . . 1 1 . Sentry 18 | . . 5 3 5 . . . . 3 2 Hunter 3 | . . . . 1 . . . 1 . 1 Programmer 3 | . . . . . . . . . 1 2 Compactor 4 | . . . . . . . . 4 . . Best Kill Streak 7 | . 7 7 6 5 6 . . 2 4 7 Combat Bots Only 7 | . 3 7 3 3 6 . . 2 4 7 Max Kills in Single Turn 5 | . 5 2 3 1 3 . . 4 1 1 Gunslinging . | . . . . . . . . . . . Exploded 3 | . 1 1 2 1 3 . . 1 1 1 Melee 1 | . 1 1 . . . . . . 1 1 Uniques/NPCs Destroyed . | . . . . . . . . . . . Combat | -11 -10 -9 -8 -8 -8 -8 -6 -6 -6 -5 -------- Run | Scr Mat Mat Mat Sto Gar Rec Fac Was Fac Fac Damage Taken 9542 | . 698 1361 719 476 108 . . 116 2359 3705 Core 1396 | . 117 101 48 45 . . . 6 264 815 Absorbed by Shields 39 | . . . . . . . . 35 4 . Core Remaining (%) 85 | 100 85 87 . . . 88 . . 66 . Volleys Fired 150 | . 31 9 25 17 11 . . 7 31 19 Largest 4 | . 4 4 4 4 2 . . 3 3 3 Hottest 228 | . 224 224 228 228 60 . . 117 140 133 Shots Fired 365 | . 98 29 75 44 12 . . 22 47 38 Gun 147 | . 64 . 16 23 . . . . 15 29 Cannon 165 | . 34 29 50 18 . . . 7 20 7 Launcher 52 | . . . 9 3 12 . . 15 12 1 Special 1 | . . . . . . . . . . 1 Kinetic 111 | . 43 . 11 14 . . . 7 14 22 Thermal 75 | . 21 . 13 18 . . . . 16 7 Explosive 51 | . . . 9 3 12 . . 15 11 1 Electromagnetic 127 | . 34 29 42 9 . . . . 6 7 Robot Hit Streak 24 | . 8 11 24 10 11 . . 12 9 6 Robot Miss Streak 11 | . 6 1 2 1 . . . 3 5 11 Penetration Max . | . . . . . . . . . . . Secondary Targets 1 | . 1 . . . . . . . . . Max Gunslinging Chain 1 | . 1 . . . . . . . . . Shots Hit Robots 306 | . 56 59 52 29 10 . . 10 35 55 Core Hits 210 | . 21 20 37 25 30 . . 17 31 29 Critical Hits 5 | . 1 . . 1 . . . . 1 2 Critical Kills 3 | . . . . 1 . . . . 1 1 Critical Parts Destroyed 2 | . 1 . . . . . . . . 1 Melee Attacks 184 | . 27 50 . . . . . . 29 78 Impact 125 | . 27 50 . . . . . . 29 19 Slashing . | . . . . . . . . . . . Piercing 59 | . . . . . . . . . . 59 Sneak Attacks 3 | . 3 . . . . . . . . . Combat Hostiles 1 | . 1 . . . . . . . . . Follow-up Attacks 23 | . . 15 . . . . . . . 8 Damage Inflicted 11955 | . 1684 1569 1777 716 1275 2 . 1254 2111 1567 Guns 1216 | . 305 . 160 194 . . . . 217 340 Cannons 2519 | . 393 414 702 266 . . . 230 439 75 Explosions 5689 | . 801 164 915 256 1275 . . 1024 1174 80 Melee 2478 | . 185 991 . . . . . . 281 1021 Ramming 53 | . . . . . . 2 . . . 51 Kinetic 1051 | . 179 . 66 34 . . . 230 310 232 Thermal 2356 | . 927 164 422 266 . . . . 502 75 Explosive 4118 | . . . 585 256 1275 . . 1024 898 80 Electromagnetic 1899 | . 393 414 704 160 . . . . 120 108 Impact 1711 | . 185 991 . . . . . . 281 254 Slashing . | . . . . . . . . . . . Piercing 767 | . . . . . . . . . . 767 Highest Corruption 22 | . . . . . . . . 22 22 2 Average Corruption 13 | . . . . . . . . 9 19 1 Corruption Purged 5 | . . . . . . . . . 5 . Effects 100 | . . . . . . . . 11 82 7 Message Errors 14 | . . . . . . . . 1 13 . Matter Fused 13 | . . . . . . . . 1 12 . Heat Flow Errors 9 | . . . . . . . . . 6 3 Energy Discharges 10 | . . . . . . . . 2 6 2 Data Loss (minor) 10 | . . . . . . . . 1 9 . Data Loss (major) 5 | . . . . . . . . 1 4 . Misfires 3 | . . . . . . . . 1 2 . Alerts 1 | . . . . . . . . . 1 . Misdirections 16 | . . . . . . . . 3 13 . Targeting Errors 18 | . . . . . . . . 1 15 2 Weapon Failures 1 | . . . . . . . . . 1 . Overload Shots . | . . . . . . . . . . . Overflow Damage 696 | . 323 117 14 . 69 . . 5 135 33 Projectiles 43 | . 4 . 11 . . . . . 28 . Explosions 457 | . 276 12 3 . 69 . . 5 90 2 Melee 196 | . 43 105 . . . . . . 17 31 Knockbacks 6 | . . 3 . . . . . . 3 . Impact 4 | . . 2 . . . . . . 2 . Kinetic 1 | . . . . . . . . . 1 . Secondary 1 | . . 1 . . . . . . . . Self-Inflicted Damage 795 | . 182 12 . . 43 . . 145 336 77 Shots 19 | . 2 1 . . 3 . . 5 7 1 Rammed 4 | . . . . . . . . . . 4 Targets Rammed 5 | . . . . . . 1 . . . 4 Kicked 1 | . . . . . . 1 . . . . Crushed . | . . . . . . . . . . . Highest Temperature 740 | . 597 210 285 194 20 . . 305 544 740 Average Temperature 175 | . 195 89 130 101 10 . . 117 199 284 Received Heat Transfer 2011 | . 66 204 423 180 . . . . 592 546 Effects 84 | . 25 . 1 . . . . 1 18 39 Shutdowns 16 | . 5 . . . . . . . 5 6 Energy Bleed 10 | . 2 . 1 . . . . 1 2 4 Interference 20 | . 9 . . . . . . . 6 5 Matter Decay 9 | . 2 . . . . . . . 1 6 Short Circuit 5 | . 1 . . . . . . . 2 2 Damage (minor) 9 | . 2 . . . . . . . 2 5 Damage (major) 13 | . 4 . . . . . . . . 9 Damage (core) 2 | . . . . . . . . . . 2 Siege Activations . | . . . . . . . . . . . Robots Corrupted 2 | . . . 1 . . . . . 1 . Combat Hostiles 2 | . . . 1 . . . . . 1 . Parts Fried 33 | . 8 16 6 . . . . . 1 2 Impact Corruptions 21 | . 3 14 . . . . . . 2 2 Robots Melted . | . . . . . . . . . . . Combat Hostiles . | . . . . . . . . . . . Parts Melted 1 | . 1 . . . . . . . . . Heat Transferred 2706 | . 820 250 548 407 . . . . 570 111 Parts Sabotaged . | . . . . . . . . . . . Parts Stolen . | . . . . . . . . . . . Parts Stripped . | . . . . . . . . . . . Power Chain Reactions 6 | . . 2 3 . . . . . 1 . Missiles Intercepted . | . . . . . . . . . . . Alert | -11 -10 -9 -8 -8 -8 -8 -6 -6 -6 -5 ------- Run | Scr Mat Mat Mat Sto Gar Rec Fac Was Fac Fac Peak Influence 1009 | . 236 339 352 498 566 348 1009 382 445 199 Average Influence 162 | . 77 67 147 317 451 233 1009 371 232 70 Maximum Alert Level 3 | . 1 1 1 2 2 1 3 1 2 . Low Security (%) 66 | . . . . . . . . . . . Level 1 28 | . . . . . . . . . . . Level 2 4 | . . . . . . . . . . . Level 3 1 | . . . . . . . . . . . Level 4 . | . . . . . . . . . . . Level 5 . | . . . . . . . . . . . High Security . | . . . . . . . . . . . Max Security . | . . . . . . . . . . . Squads Dispatched 12 | . 2 . . 1 . . . . 4 5 Investigation 2 | . . . . . . . . . 1 1 Extermination 2 | . . . . . . . . . 1 1 Reinforcement 4 | . 2 . . . . . . . 1 1 Assault . | . . . . . . . . . . . Garrison 4 | . . . . 1 . . . . 1 2 Intercept . | . . . . . . . . . . . Construction Impeded 1 | . . . . . . . . . 1 . Haulers Reinforced . | . . . . . . . . . . . Stealth | -11 -10 -9 -8 -8 -8 -8 -6 -6 -6 -5 --------- Run | Scr Mat Mat Mat Sto Gar Rec Fac Was Fac Fac Distress Signals 5 | . 2 1 1 1 . . . . . . Communications Jammed . | . . . . . . . . . . . Distress Signals . | . . . . . . . . . . . Times Spotted 154 | . 24 33 19 10 8 23 . 4 19 14 Peak Tracking Total 7 | . 5 6 7 3 4 7 . 2 5 7 Tactical Retreats 15 | . 3 4 3 1 . . . . 4 . Traps | -11 -10 -9 -8 -8 -8 -8 -6 -6 -6 -5 ------- Run | Scr Mat Mat Mat Sto Gar Rec Fac Was Fac Fac Traps Triggered 6 | . . . . . 1 . 1 . 1 3 Indirectly . | . . . . . . . . . . . Trap Hack Attempts . | . . . . . . . . . . . Triggered . | . . . . . . . . . . . Disarmed . | . . . . . . . . . . . Reprogrammed . | . . . . . . . . . . . Reused . | . . . . . . . . . . . Traps Extracted . | . . . . . . . . . . . Installed . | . . . . . . . . . . . Triggered . | . . . . . . . . . . . Machines | -11 -10 -9 -8 -8 -8 -8 -6 -6 -6 -5 ---------- Run | Scr Mat Mat Mat Sto Gar Rec Fac Was Fac Fac Machines Disabled 15 | . 3 . 2 1 . 1 . . 7 1 Max in Single Turn 4 | . 2 . 1 1 . . . . 4 1 Machines Sabotaged . | . . . . . . . . . . . Garrisons Compromised . | . . . . . . . . . . . Overloaded Fab Kills . | . . . . . . . . . . . Fab Network Shutdowns . | . . . . . . . . . . . Hacking | -11 -10 -9 -8 -8 -8 -8 -6 -6 -6 -5 --------- Run | Scr Mat Mat Mat Sto Gar Rec Fac Was Fac Fac Machines Accessed 24 | . 5 10 3 1 . . 1 . 4 . Terminals 14 | . 4 8 2 . . . . . . . Fabricators 1 | . . . . . . . . . 1 . Repair Stations 2 | . . 1 . . . . . . 1 . Recycling Units 2 | . 1 . . . . . . . 1 . Scanalyzers 3 | . . 1 1 . . . . . 1 . Garrison Access 2 | . . . . 1 . . 1 . . . Total Hacks 65 | . 13 27 10 1 . . 1 . 13 . Successful 38 | . 7 15 7 1 . . . . 8 . Failed 27 | . 6 12 3 . . . 1 . 5 . Catastrophic 7 | . . 5 . . . . 1 . 1 . Database Lockouts . | . . . . . . . . . . . Manual 32 | . 6 23 3 . . . . . . . Terminals 40 | . 10 23 7 . . . . . . . Fabricators 6 | . . . . . . . . . 6 . Repair Stations 4 | . . 2 . . . . . . 2 . Recycling Units 6 | . 3 . . . . . . . 3 . Scanalyzers 7 | . . 2 3 . . . . . 2 . Garrison Access 2 | . . . . 1 . . 1 . . . Terminal Hacks 7 | . 1 4 2 . . . . . . . Unreport Threat 4 | . . 4 . . . . . . . . Recall Assault 1 | . . . 1 . . . . . . . Zone Layout 2 | . 1 . 1 . . . . . . . Fabricator Hacks 3 | . . . . . . . . . 3 . Load Schematic 1 | . . . . . . . . . 1 . Build 2 | . . . . . . . . . 2 . Repair Station Hacks 4 | . . 2 . . . . . . 2 . Scan Component 2 | . . 1 . . . . . . 1 . Repair 2 | . . 1 . . . . . . 1 . Recycling Unit Hacks 3 | . 2 . . . . . . . 1 . Report Inventory 2 | . 1 . . . . . . . 1 . Retrieve Components 1 | . 1 . . . . . . . . . Scanalyzer 7 | . . 2 3 . . . . . 2 . Insert Component 4 | . . 1 2 . . . . . 1 . Analyze 3 | . . 1 1 . . . . . 1 . Garrison Access Hacks 1 | . . . . 1 . . . . . . Unlock Access 1 | . . . . 1 . . . . . . Unauthorized Hacks 29 | . 9 16 4 . . . . . . . Terminals 13 | . 4 7 2 . . . . . . . Botnet 13 | . 4 7 2 . . . . . . . Fabricators . | . . . . . . . . . . . Repair Stations . | . . . . . . . . . . . Recycling Units . | . . . . . . . . . . . Scanalyzers . | . . . . . . . . . . . Garrison Access . | . . . . . . . . . . . Data Cores Recovered . | . . . . . . . . . . . Used . | . . . . . . . . . . . Hacking Detections 19 | . 3 10 3 . . . 1 . 2 . Full Trace Events 1 | . . . . . . . . . 1 . Feedback Events . | . . . . . . . . . . . Feedback Blocked . | . . . . . . . . . . . Robot Schematics Acquired . | . . . . . . . . . . . Robots Built . | . . . . . . . . . . . Matter . | . . . . . . . . . . . Time . | . . . . . . . . . . . Total Robot Build Rating . | . . . . . . . . . . . Part Schematics Acquired 1 | . . 1 . . . . . . . . Parts Built 4 | . . . . . . . . . 4 . Matter 292 | . . . . . . . . . 292 . Time 146 | . . . . . . . . . 146 . Total Part Build Rating 12 | . . . . . . . . . 12 . Parts Repaired 2 | . . 1 . . . . . . 1 . Time 88 | . . 26 . . . . . . 62 . Parts Recycled . | . . . . . . . . . . . Recycled Matter . | . . . . . . . . . . . Retrieved Matter . | . . . . . . . . . . . Retrieved Components 1 | . 1 . . . . . . . . . Parts Scanalyzed 3 | . . 1 1 . . . . . 1 . Part Schematics Acquired 1 | . . 1 . . . . . . . . Parts Damaged . | . . . . . . . . . . . Bothacking | -11 -10 -9 -8 -8 -8 -8 -6 -6 -6 -5 ------------ Run | Scr Mat Mat Mat Sto Gar Rec Fac Was Fac Fac Used RIF Installer . | . . . . . . . . . . . Robots Hacked 1 | . . . . . . . . . . 1 Non-combat . | . . . . . . . . . . . Combat 1 | . . . . . . . . . . 1 Robot Hacks Applied 1 | . . . . . . . . . . 1 parse_system 1 | . . . . . . . . . . 1 Relay Couplers Released . | . . . . . . . . . . . Robots Rewired 15 | . . . . . . 15 . . . . Allies Hacked . | . . . . . . . . . . . Hacks Repelled . | . . . . . . . . . . . Allies | -11 -10 -9 -8 -8 -8 -8 -6 -6 -6 -5 -------- Run | Scr Mat Mat Mat Sto Gar Rec Fac Was Fac Fac Total Allies 15 | . . . . . . 15 . . . . Largest Group 15 | . . . . . . 15 10 5 4 . Highest-Rated Group 254 | . . . . . . 254 188 101 77 . Highest-Rated Ally 24 | . . . . . . 24 24 24 24 . Total Orders 6 | . . . . . . 2 . . 4 . ROAM 2 | . . . . . . 2 . . . . GUARD 1 | . . . . . . . . . 1 . AID 3 | . . . . . . . . . 3 . Ally Attacks 210 | . . . . . . 168 . 39 3 . Total Damage 1692 | . . . . . . 1029 . 647 16 . Kills 32 | . . . . . . 32 . . . . Allies Corrupted . | . . . . . . . . . . . Allies Melted . | . . . . . . . . . . . Intel | -11 -10 -9 -8 -8 -8 -8 -6 -6 -6 -5 ------- Run | Scr Mat Mat Mat Sto Gar Rec Fac Was Fac Fac Robot Analysis Total . | . . . . . . . . . . . Derelict Logs Recovered . | . . . . . . . . . . . Drone Launches . | . . . . . . . . . . . Drone Recoveries . | . . . . . . . . . . . Exploration | -11 -10 -9 -8 -8 -8 -8 -6 -6 -6 -5 ------------- Run | Scr Mat Mat Mat Sto Gar Rec Fac Was Fac Fac Turns Passed 7237 | 58 1280 1626 343 253 191 951 80 226 1288 941 Spaces Moved 3621 | 44 677 862 139 104 107 496 49 124 538 481 Core 15 | 14 . . . . . . . . . 1 Treads 1707 | . 395 862 139 7 . . . 45 174 85 Legs 1192 | . . . . 97 107 496 49 79 364 . Wheels 691 | 30 282 . . . . . . . . 379 Hover . | . . . . . . . . . . . Flight 16 | . . . . . . . . . . 16 Fastest Speed 50 | 50 90 160 160 150 150 150 120 150 120 54 Average Speed 145 | 80 137 160 162 153 150 150 146 153 154 114 Slowest Speed 1100 | 100 200 160 180 240 150 150 150 160 300 1100 Overloaded Moves . | . . . . . . . . . . . Propulsion Burnouts . | . . . . . . . . . . . Robots Hopped . | . . . . . . . . . . . Cave-ins Triggered . | . . . . . . . . . . . Exploration Rate (%) 37 | 3 98 58 16 19 40 88 1 63 11 15 Regions Visited 10 Branch Regions 2 Pre-discovered Areas . | . . . . . . . . . . . Known Exits Taken 1 | . . . . 1 . . . . . . Unknown Exits Taken 6 | 1 1 1 1 . . 1 . . 1 . Scrap Searched . | . . . . . . . . . . . Spaces Dug 45 | . 5 . . . . . . . 11 29 Terrain Destroyed 315 | . 44 9 36 25 25 . . 53 82 41 Melee 45 | . 5 . . . . . . . 11 29 Projectile 12 | . . . 1 7 . . . . 4 . AOE 258 | . 39 9 35 18 25 . . 53 67 12 Actions | -11 -10 -9 -8 -8 -8 -8 -6 -6 -6 -5 --------- Run | Scr Mat Mat Mat Sto Gar Rec Fac Was Fac Fac Total 5025 | 65 925 1011 203 172 125 703 62 143 886 730 Wait 472 | . 99 46 18 7 . 32 . . 204 66 Move 3613 | 43 676 861 138 104 106 495 49 123 537 481 Hop . | . . . . . . . . . . . Pick Up 169 | 11 36 31 7 14 . 1 3 6 30 30 Fast Attach 12 | 1 5 1 . . . . . . 2 3 Attach 68 | 10 12 5 4 3 1 . . 1 14 18 Detach 3 | . . . . . . . . 1 . 2 Swap 99 | . 18 17 7 9 2 . 2 4 24 16 Drop 93 | . 21 9 4 18 . 1 8 1 15 16 Fire 150 | . 31 9 25 17 11 . . 7 31 19 Melee 147 | . 27 32 . . . . . . 29 59 Ram 4 | . . . . . . . . . . 4 Kick 1 | . . . . . . 1 . . . . Crush . | . . . . . . . . . . . Escape Stasis 21 | . . . . . 5 . . . . 16 Rewire 173 | . . . . . . 173 . . . . Trap . | . . . . . . . . . . . Miscellaneous . | . . . . . . . . . . . Route ------- -11/Scrapyard -10/Materials (discovered 4 exits: *Mat x3 / [*Min]) -9/Materials -8/Materials -8/Storage -8/Garrison -8/Recycling -6/Factory -6/Waste -6/Factory -5/Factory History --------- Turn | Location | Event 14 | -11/Scrapyard | Discovered new exit (range 16) 59 | -11/Scrapyard | Entered Materials 338 | -10/Materials | Discovered new exit (range 5) 401 | -10/Materials | Discovered new exit (range 6) 728 | -10/Materials | Discovered new exit (range 12) 1268 | -10/Materials | Discovered new exit (range 3) 1339 | -10/Materials | Entered another Materials area 1339 | -9/Materials | Devolved, losing 1 slot: Utility x-1 1804 | -9/Materials | Build established: Hauler-Skirmisher 2279 | -9/Materials | Destroyed 7 combat bots 2414 | -9/Materials | Build established: Hauler-Mutant 2736 | -9/Materials | Discovered new exit (range 15) 2806 | -9/Materials | Build established: Hauler-Gunner 2931 | -9/Materials | Repaired Hcp. Storage Unit 2965 | -9/Materials | Entered another Materials area 2965 | -8/Materials | Devolved, losing 1 slot: Propulsion x-1 3273 | -8/Materials | Discovered new exit (range 10) 3308 | -8/Materials | Entered Storage 3561 | -8/Storage | Identified exit to Garrison 3561 | -8/Storage | Entered Garrison 3616 | -8/Garrison | Triggered checkpoint 3623 | -8/Garrison | Triggered checkpoint 3730 | -8/Garrison | Discovered new exit (range 14) 3752 | -8/Garrison | Entered Recycling 3799 | -8/Recycling | Spotter reported a threat 3799 | -8/Recycling | Spotter reported a threat 3799 | -8/Recycling | Spotter reported a threat 3869 | -8/Recycling | Spotter reported a threat 3877 | -8/Recycling | Spotter reported a threat 3885 | -8/Recycling | Spotter reported a threat 3897 | -8/Recycling | Spotter reported a threat 3897 | -8/Recycling | Spotter reported a threat 3897 | -8/Recycling | Spotter reported a threat 3899 | -8/Recycling | Spotter reported a threat 3912 | -8/Recycling | Spotter reported a threat 3919 | -8/Recycling | Build established: Hauler-Mutant 3930 | -8/Recycling | Spotter reported a threat 3938 | -8/Recycling | Spotter reported a threat 3950 | -8/Recycling | Spotter reported a threat 3955 | -8/Recycling | Spotter reported a threat 3978 | -8/Recycling | Spotter reported a threat 3991 | -8/Recycling | Spotter reported a threat 3994 | -8/Recycling | Spotter reported a threat 4008 | -8/Recycling | Spotter reported a threat 4030 | -8/Recycling | Spotter reported a threat 4047 | -8/Recycling | Spotter reported a threat 4053 | -8/Recycling | Spotter reported a threat 4061 | -8/Recycling | Spotter reported a threat 4083 | -8/Recycling | Spotter reported a threat 4095 | -8/Recycling | Spotter reported a threat 4100 | -8/Recycling | Spotter reported a threat 4115 | -8/Recycling | Spotter reported a threat 4157 | -8/Recycling | Spotter reported a threat 4158 | -8/Recycling | Spotter reported a threat 4168 | -8/Recycling | Spotter reported a threat 4210 | -8/Recycling | Spotter reported a threat 4211 | -8/Recycling | Spotter reported a threat 4212 | -8/Recycling | Spotter reported a threat 4221 | -8/Recycling | Spotter reported a threat 4223 | -8/Recycling | Build established: Commander-Mutant 4256 | -8/Recycling | Spotter reported a threat 4274 | -8/Recycling | Spotter reported a threat 4292 | -8/Recycling | Spotter reported a threat 4327 | -8/Recycling | Spotter reported a threat 4343 | -8/Recycling | Spotter reported a threat 4361 | -8/Recycling | Spotter reported a threat 4362 | -8/Recycling | Spotter reported a threat 4397 | -8/Recycling | Spotter reported a threat 4413 | -8/Recycling | Spotter reported a threat 4438 | -8/Recycling | Spotter reported a threat 4438 | -8/Recycling | Spotter reported a threat 4438 | -8/Recycling | Spotter reported a threat 4438 | -8/Recycling | Spotter reported a threat 4491 | -8/Recycling | Spotter reported a threat 4514 | -8/Recycling | Spotter reported a threat 4514 | -8/Recycling | Spotter reported a threat 4560 | -8/Recycling | Spotter reported a threat 4560 | -8/Recycling | Spotter reported a threat 4560 | -8/Recycling | Spotter reported a threat 4605 | -8/Recycling | Spotter reported a threat 4605 | -8/Recycling | Spotter reported a threat 4612 | -8/Recycling | Spotter reported a threat 4639 | -8/Recycling | Spotter reported a threat 4644 | -8/Recycling | Discovered new exit (range 15) 4646 | -8/Recycling | Spotter reported a threat 4646 | -8/Recycling | Spotter reported a threat 4646 | -8/Recycling | Spotter reported a threat 4703 | -8/Recycling | Entered Factory 4703 | -6/Factory | Accompanied by 10 allies 4703 | -6/Factory | Devolved, losing 2 slots: Utility x-1, Weapon x-1 4783 | -6/Factory | Sucked down chute 4783 | -6/Factory | Entered Waste 4789 | -6/Waste | Spotted C-40 Crusher 4798 | -6/Waste | EMP discharged 4802 | -6/Waste | Destroyed C-40 Crusher 4802 | -6/Waste | Spotted C-40 Crusher 4813 | -6/Waste | Destroyed C-40 Crusher 4851 | -6/Waste | Spotted C-40 Crusher 4860 | -6/Waste | Destroyed C-40 Crusher 4898 | -6/Waste | EMP discharged 4898 | -6/Waste | System corruption reached 10% 4910 | -6/Waste | Spotted C-40 Crusher 4916 | -6/Waste | Destroyed C-40 Crusher 4945 | -6/Waste | 10 allies followed down the chute 4988 | -6/Waste | Discovered new exit (range 13) 4998 | -6/Waste | EMP discharged 5009 | -6/Waste | Entered Factory 5009 | -6/Factory | Accompanied by 4 allies 5301 | -6/Factory | Lost 4 parts (4n) 5532 | -6/Factory | Fabricated Carbon-fiber Leg (x2) 5625 | -6/Factory | Fabricated Carbon-fiber Leg (x2) 5941 | -6/Factory | Lost 10 parts (1p6n1u2w) 5969 | -6/Factory | Build established: Hauler-Mutant 6217 | -6/Factory | Repaired Adv. Hardlight Generator 6237 | -6/Factory | Discovered new exit (range 5) 6252 | -6/Factory | Garrison activated, responded to threat 6297 | -6/Factory | Entered another Factory area 6297 | -5/Factory | Devolved, losing 1 slot: Propulsion x-1 6301 | -5/Factory | Lost 5 parts (2n3w) 6950 | -5/Factory | Destroyed 7 combat bots 6959 | -5/Factory | Lost 4 parts (1n1u2w) 7072 | -5/Factory | Garrison activated, responded to threat 7108 | -5/Factory | Core integrity fell below 50% 7151 | -5/Factory | Core integrity fell below 20% 7175 | -5/Factory | Lost 11 parts (1p4n2u4w) 7238 | -5/Factory | Destroyed by Y-64 Sentinel with KE Penetrator Last Messages --------------- 07191_ Slug penetrates Wall. 07197_ Penetrated by Slug. 07204_ Acquired Neutrino Core. 07214_ Penetrated by Slug. 07215_ Overheating: System interference. 07215_ Tesla Rifle temporarily disabled. 07216_ Penetrated by Slug. 07216_ Y-64 Sentinel destroyed. 07220_ Penetrated by Slug. 07220_ Hrd. Light Armor Plating destroyed. 07223_ Penetrated by Slug. 07224_ Acquired KE Penetrator. 07227_ Penetrated by Slug. 07229_ Slug penetrates Y-64 Sentinel. 07230_ Penetrated by Slug. 07230_ Hvy. Pick destroyed. 07233_ Penetrated by Slug. 07236_ Overheating: Energy bleed (-4). 07237_ Power failure, Imp. Deuterium Engine shutdown. 07237_ Overheating: Imp. Melee Analysis Suite damaged (-1). Map ----- +----------------------------------------------------+ | | | | | | | | | | | | | | | | | | | | | | | | | | | | | | | | | | | ???????????????????????????????????????????#?????? | | ????????????????????????????????????????? ????? | | ?????????????????????????????????????????" "?????# | | ??????????????????????????????####???????" Y?????# | | ???????????????????##########?# ????????" ??????# | | ???????????????????# #?# #???????? ??????? | | ???????????????????# ### ###???###+###????? | | ?????????????????### *!# ##### #????# | | ?????????????????# ; @=Y# ! ###??# | | ?????????????????### ! =!R #### | | ???????????????????#! # ## | | ???????????????????# ! # ##### ### | | ???????????????????# #######??## ##" | | ???????????????????# #?????????# ### | | ???????????????????##########???######## % #### | | ???????????????????????????????# " = | | ???????????????????????????????# # | | ???????????????????????????????#"" + | | ???????????????????????????????#"" " "" # | | ???????????????????????????????#G "" "" # | | ???????????????????????????????#"" """ """ # | | ???????????????????????????????#"" """ """ # | | ??????????????????????????????? """ """ #### | | ??????????????????????????????? ?? ??? | | ?????????????????????????????? ????? "" ?? | | ????????????????????????????? ?????? "" ? | | ????????????????????????????? ???????"" """ ?? | | ???????????????????????????????????????" ??" ? | | ???????????????????????????????????????? ??" ?? | | ???????????????????????????????????????? ??? ?? | | ???????????????????????????????????????? ??? ??? | | ?????????????????????????????????????????????????? | | ?????????????????????????????????????????????????? | +----------------------------------------------------+ Best States ------------- Heat Dissipation 30 Coolant Potential 50 Energy Generation 21 Energy Capacity 725 Matter Stores 300 Matter Capacity 300 Sight Range 16 Robot Scan Range 10 Terrain Scan Density 10 Armor Coverage 150 Power Shielding 33 Melee Speed Boost 20 Evasion (%) 59 Melee Accuracy 11 Recoil Reduction 9 Item Schematics ----------------- Carbon-fiber Leg | -9/Materials | Scanalyzed Robot Schematics ------------------ None Fabricated ------------ Carbon-fiber Leg | x2 | -6/Factory Carbon-fiber Leg | x2 | -6/Factory Alien Tech Used ----------------- None Achievements -------------- None Challenges ------------ None Game ------ Seed ImprovedVortexBroadsword Manual? 0 Play Time 01:53:53 Cumulative 19.4 hours Start 2019.11.10 @ 21:20:17 End 2019.11.27 @ 22:46:21 Sessions 5 Manual Loads 0 Difficulty Rogue Special Mode None Game No. 11 Rogue 11 Adventurer 0 Explorer 0 Win Type - Total 0 Types 0/0/0/0/0/0/0 Lore% 5 Gallery% 21 Achievement% 16 Wizard Run 0 Options --------- ASCII 0 Keyboard 0 Movement Numpad Keybinds 0 Fullscreen 1 Font 18/SmallcapsGlow Map View 76x50 Tactical HUD 1 Map Filters NONE Filters NONE Steam 0 RUN: 8302e1b7-7789-496e-8895-36403ea5f70f